 Dungeon Crawl Stone Soup version 0.30.0-29-ga12c61a403 (webtiles) character file.

Game seed: 15083133504328113314

145 Fodor the Covered (level 5, -4/70 HPs)
             Began as a Minotaur Fighter on June 16, 2023.
             Frozen to death by olmar's ghost (8 damage)
             ... on level 4 of the Dungeon.
             The game lasted 00:12:01 (3044 turns).

Fodor the Covered (Minotaur Fighter)                Turns: 3044, Time: 00:12:02

Health: -4/70      AC: 22    Str: 22    XL:     5   Next: 6%
Magic:  4/4        EV:  2    Int:  5    God:
Gold:   84         SH:  4    Dex: 10    Spells: 4/4 levels left

rFire   . . .        u - +2 spear (venom)
rCold   . . .        c - +0 buckler
rNeg    . . .        b - melded +0 scale mail
rPois   +            w - melded +2 hat {SInv}
rElec   .            (cloak currently unavailable)
rCorr   .            o - melded +2 pair of gloves
SInv    .            z - melded +0 pair of boots
Will    .....        (no amulet)
Stlth   +            (no ring)
HPRegen 0.31/turn    (no ring)
MPRegen 0.09/turn

%: no passive effects
@: tree-form, weak-willed
A: stationary, stasis, torment immunity, boosted hp, (horns 2), (retaliatory
headbutt)
a: no special abilities


You were on level 4 of the Dungeon.
You were a tree.
You visited 1 branch of the dungeon, and saw 4 of its levels.

You collected 84 gold pieces.

Inventory:

Hand Weapons
 a - a +0 long sword
 n - a +0 sling
 u - a +2 spear of venom (weapon)
Missiles
 p - 29 stones
 x - 7 poisoned darts (quivered)
 y - 4 curare-tipped darts
Armour
 b - a +0 scale mail (melded)
 c - a +0 buckler (worn)
 o - a +2 pair of gloves (melded)
 w - a +2 hat of see invisible (melded)
 z - a +0 pair of boots (melded)
Jewellery
 s - a ring of ice
Wands
 r - a wand of iceblast (5)
Scrolls
 h - a scroll of noise {unknown}
 j - 3 scrolls of magic mapping {unknown}
 m - a scroll of amnesia {unknown}
Potions
 d - 3 potions of might
 i - 2 potions of ambrosia {unknown}
 l - a potion of haste {unknown}
 q - a potion of flight {unknown}
 t - a potion of heal wounds {unknown}
 v - 2 potions of berserk rage {unknown}
 A - a potion of mutation {unknown}
 B - a potion of degeneration {unknown}
 C - a potion of resistance {unknown}


   Skills:
 + Level 4.4 Fighting
 + Level 3.8 Long Blades
 + Level 4.6 Armour
 + Level 1.5 Dodging
 + Level 4.4 Shields


You had 4 spell levels left.
You didn't know any spells.
Your spell library contained the following spells:

 Spells                   Type           Power      Damage    Failure   Level
 Cigotuvi's Dreadful Rot  Necr/Pois/Air  0%         N/A       67%         2
 Gell's Gravitas          Tloc           0%         N/A       88%         3
 Ignite Poison            Fire/Tmut/Pois 0%         N/A       88%         3
 Teleport Other           Tloc           0%         N/A       88%         3
 Freezing Cloud           Conj/Ice/Air   0%         6-21      100%        5
 Dispersal                Tloc           0%         N/A       100%        6


Dungeon Overview and Level Annotations

Branches:
Dungeon (4/15)
 Temple: D:4-7

Altars:

Annotations:
D:4 olmar's ghost, amateur GnWn


Innate Abilities, Weirdness & Mutations

You are a tree.
Your roots penetrate the ground, keeping you stationary.
You cannot be teleported.
You are immune to unholy pain and torment.
Your maximum health is greatly increased.
Your equipment is partially melded.
((You have a pair of horns on your head.))
((You reflexively headbutt those who attack you in melee.))


Message History

The adder bites you but does no damage. Olmar's ghost freezes you.
You are frozen!
As you read the scroll labelled USYPSI FYWNIPH, it crumbles to dust.
The scroll dissolves into smoke.
It was a scroll of fog.
You feel very sick. You block the adder's attack. Olmar's ghost freezes you.
You are frozen.
The adder misses you.
You completely miss olmar's ghost.
You headbutt olmar's ghost, but do no damage.
Olmar's ghost is lightly damaged.
You feel sick. Olmar's ghost freezes you.
You are frozen!
* * * LOW HITPOINT WARNING * * *
The adder bites you.
* * * LOW HITPOINT WARNING * * *
As you read the scroll labelled IQIASS AQOD, it crumbles to dust.
Magic quickly surges around you.
It was a scroll of vulnerability.
You feel sick. You block the adder's attack. Olmar's ghost hits you!
* * * LOW HITPOINT WARNING * * *
You are more poisoned.
Unknown command.
You feel better. The adder closely misses you. You furiously retaliate!
You headbutt the adder, but do no damage.
Olmar's ghost screams, "Don't try to defend!
You have no chance!"
Olmar's ghost freezes you.
You are frozen.
* * * LOW HITPOINT WARNING * * *
The adder barely misses you.
It was a potion of lignification.
You turn into a tree.
Your +2 hat of see invisible melds into your body.
Your +2 pair of gloves melds into your body.
Your +0 pair of boots melds into your body.
Your +0 scale mail melds into your body.
You feel less perceptive.
Your roots penetrate the ground.
Olmar's ghost freezes you.
You are frozen!
You die...

......#...#
...#..[?...#...+ .
..#.......#...# ..
#..#.......#...#
..
#..#.......#..##.#
#..#...§...#.....#
#..#.§§§§..#..##.#
#..###SW§###....>#
#...§§♣§§.....#.##
#...§§§§§.......#
####.§###########
#.## #.# #.# #.#
#.# ...


You could see olmar's ghost (weak-willed) and an adder (weak-willed).

Vanquished Creatures
  A hound (D:2)
  Ijyb (D:3)
  2 adders (D:2)
  A worm (D:2)
  2 dart slugs
  3 ball pythons
  6 endoplasms
  5 giant cockroaches
  7 goblins
  2 hobgoblins (D:1)
  4 quokkas
  10 bats
  9 frilled lizards
  8 kobolds
  6 rats
67 creatures vanquished.

Notes
Turn   | Place    | Note
-------+----------+-------------------------------------------
     0 | D:1      | Fodor the Minotaur Fighter began the quest for the Orb.
     0 | D:1      | Reached XP level 1. HP: 19/19 MP: 0/0
   154 | D:1      | You fall into a shaft and drop 1 floor!
   210 | D:2      | Reached XP level 2. HP: 8/27 MP: 1/1
   886 | D:1      | Reached XP level 3. HP: 31/33 MP: 2/2
  1144 | D:2      | Reached XP level 4. HP: 40/40 MP: 3/3
  1586 | D:2      | Reached skill level 1 in Dodging
  1793 | D:2      | Found a faded altar of an unknown god.
  1926 | D:3      | Noticed Ijyb
  1950 | D:3      | Killed Ijyb
  2250 | D:3      | Reached XP level 5. HP: 47/47 MP: 4/4
  2912 | D:4      | Noticed olmar's ghost (amateur GnWn)
  2913 | D:4      | Found a runed translucent gate.
  2913 | D:4      | Found a runed translucent gate.
  2916 | D:4      | Found a runed translucent gate.
  3042 | D:4      | HP: 2/47 [olmar's ghost (7)]
  3044 | D:4      | Frozen to death by olmar's ghost

Illustrated notes

Levels and vault maps discovered:
D:1:      scummos_arrival_simple_crosswalls, layout_loops_cross
D:2:      layout_loops_corners, nicolae_ecumenical_lake_church,
          grunt_decor_resistance
D:3:      layout_basic, uniq_ijyb
D:4:      layout_basic, marbit_many_paths, nicolae_gozag_zags_fifth_avenue,
          gammafunk_ghost_split

Skill      XL: |  1  2  3  4 |
---------------+-------------+-----
Shields        | 4 |  4.4
Fighting       | 4 |  4.4
Armour         | 4 |  4.6
Long Blades    | 3 |  3.8
Dodging        | 1 |  1.5

Action                     |  1- 3 |  4- 6 || total
---------------------------+-------+-------++-------
  Melee: Long sword        |    81 |    50 ||   131
         Headbutt          |     9 |    12 ||    21
         Spear             |       |    26 ||    26
    Use: Scroll            |       |     2 ||     2
         Potion            |       |     2 ||     2
 Armour: Scale mail        |    53 |    62 ||   115
  Dodge: Dodged            |    48 |    65 ||   113
  Block: Buckler           |    15 |    14 ||    29
